Cogmind - Beta 16 @@@ ROGUE MODE // 2025.12.19 @ 02:30:09 Player: AngelSpirit Result: Destroyed by JT-ZX5(R) with Subdweller Laser Performance ------------- Evolutions (0) 0 Regions Visited (2) 400 Robots Destroyed (28) 140 Value Destroyed (858) 858 Prototype IDs (0) 0 Alien Tech Used (0) 0 Bonus (0) 0 TOTAL SCORE: 1398 Bonus ------- None Cogmind --------- Core Integrity 0/250 Matter 213/300 Energy 236/250 System Corruption 0% Temperature Cool (6) Movement Rolling (112) Ox1 Location -10/Subcaves Parts ------- > --- POWER (1) -------- Ion Engine > --- PROPULSION (2) --- Armored Wheel Subdweller Monowheel > --- UTILITY (2) ------ Large Storage Unit Sensor Array > --- WEAPON (2) ------- Subdweller Beam Cannon Battle Cannon > --- INVENTORY (15) --- Wheel Compact Wheel Armored Wheel Armored Wheel Armored Wheel Large Matter Pod (150) Light Armor Plating Light Armor Plating Makeshift Light Armor Plating Subdweller Laser Subdweller Beam Cannon Grenade Launcher Grenade Launcher Grenade Launcher Peak State ------------ > --- POWER ------------ Light Nuclear Core > --- PROPULSION ------- Armored Wheel Armored Wheel > --- UTILITY ---------- Large Storage Unit Backup Plating I > --- WEAPON ----------- Subdweller Beam Cannon Battle Cannon > --- INVENTORY -------- Ion Engine Wheel Compact Wheel Armored Wheel Armored Wheel Subdweller Monowheel Large Matter Pod Sensor Array Light Armor Plating Light Armor Plating Makeshift Light Armor Plating Subdweller Laser Grenade Launcher Grenade Launcher Grenade Launcher [Rating: 15] Favorites ----------- Power Light Nuclear Core Engine Light Ion Engine Power Core Light Nuclear Core Propulsion Light Treads Treads Light Treads Wheel Armored Wheel Utility Large Storage Unit Device Sensor Array Storage Large Storage Unit Protection Light Armor Plating Weapon Light Assault Rifle Energy Gun Subdweller Laser Energy Cannon Subdweller Beam Cannon Ballistic Gun Light Assault Rifle Ballistic Cannon Battle Cannon Launcher Grenade Launcher Special Weapon Mining Laser Build | -11 -10 -10 ------- Run | Yrd Mat Sub Slots Evolved . | . . . Power . | . . . Propulsion . | . . . Utility . | . . . Weapon . | . . . Parts Attached 30 | 8 9 13 Power 3 | 1 1 1 Engine 2 | 1 . 1 Core 1 | . 1 . Reactor . | . . . Propulsion 8 | 4 2 2 Treads 2 | 2 . . Leg . | . . . Wheel 6 | 2 2 2 Hover . | . . . Flight . | . . . Utility 5 | 1 2 2 Device 1 | . . 1 Storage 2 | 1 1 . Processor . | . . . Hackware . | . . . Protection 2 | . 1 1 Artifact . | . . . Weapon 14 | 2 4 8 Energy Gun 1 | . . 1 Energy Cannon 4 | . . 4 Ballistic Gun 5 | 2 3 . Ballistic Cannon 1 | . . 1 Launcher 2 | . . 2 Special Weapon 1 | . 1 . Impact Weapon . | . . . Slashing Weapon . | . . . Piercing Weapon . | . . . Special Melee Weapon . | . . . Unidentified Prototypes . | . . . Parts Lost 2 | . 1 1 Power 2 | . 1 1 Propulsion . | . . . Utility . | . . . Weapon . | . . . Highest Loss Streak 1 | . 1 1 To Critical Strikes . | . . . Average Backups 9 | . 6 14 Power . | . . . Propulsion 2 | . 1 5 Utility 2 | . 1 4 Weapon 3 | . 3 4 Tool/Special . | . . . Unused Backups 12 | . 1 11 Power . | . . . Propulsion 5 | . 1 4 Utility 3 | . . 3 Weapon 4 | . . 4 Tool/Special . | . . . Average Slot Usage (%) 99 | . 98 99 Engine 4 | . 6 2 Core 8 | . 7 10 Treads 15 | . 26 . Wheel 12 | . 1 28 Device 4 | . . 9 Storage 14 | . 14 14 Protection 9 | . 13 4 Energy Gun 2 | . . 5 Energy Cannon 3 | . . 7 Ballistic Gun 18 | . 27 6 Ballistic Cannon 3 | . . 7 Peak Build Rating 15 | 6 12 15 Average Rating 10 | 5 8 13 On Entrance 6 | . 6 12 Avg Prop Armor Cover (%) . | . . . Naked Turns . | . . . Heaviest Build 37 | 10 30 37 Greatest Support 40 | 40 40 32 Greatest Overweight (x) 2 | . 2 1 Average Overweight (x) . | . . 1 Largest Inventory Capacity 15 | 8 15 15 Average Capacity 14 | 7 14 15 Most Carried 15 | . 14 15 Average Carried 9 | . 6 14 Final Capacity 15 | 8 15 15 Final Carried 14 | . 14 14 Class Distribution -------------------- 100% | Mutant Dominant Class ---------------- Mutant | -10/Materials Mutant | -10/Subcaves Resources | -11 -10 -10 ----------- Run | Yrd Mat Sub Matter Collected 1015 | 258 266 491 Remotely . | . . . Salvage Created 1074 | . 773 301 Parts 69 | . 49 20 Haulers Intercepted 1 | . 1 . Recyclers Shooed 2 | . 2 . Parts Field Recycled . | . . . Retrieved Matter . | . . . Parts Self-Destructed 11 | . . 11 Prevented . | . . . Parts Restored . | . . . Kills | -11 -10 -10 ------- Run | Yrd Mat Sub Combat Hostiles Destroyed 20 | . 13 7 Guns 14 | . 13 1 Cannons 4 | . . 4 AOE 2 | . . 2 Classes Destroyed 9 | . 6 3 Worker 1 | . 1 . Hauler 1 | . 1 . Recycler 1 | . 1 . Operator 2 | . 2 . Turret 2 | . . 2 Watcher 1 | . 1 . Swarmer 1 | . . 1 Grunt 13 | . 13 . Subdweller 6 | . . 6 Best Kill Streak 6 | . 6 3 Combat Bots Only 6 | . 6 2 Max Kills in Single Turn 1 | . 1 1 Gunslinging . | . . . Exploded 1 | . . 1 Melee . | . . . Uniques/NPCs Destroyed . | . . . Combat | -11 -10 -10 -------- Run | Yrd Mat Sub Hostile Shots Fired 94 | . 61 33 Missed 33 | . 21 12 Hits 61 | . 40 21 Projectile 61 | . 40 21 Damage Taken 902 | . 498 404 Core 251 | . 120 131 Absorbed by Shields . | . . . Regen/Repaired (Parts) 55 | . 55 . Core Remaining (%) 100 | 100 . . Volleys Fired 113 | . 86 27 Largest 2 | . 2 2 Hottest 113 | . 100 113 Shots Fired 221 | . 171 50 Gun 176 | . 170 6 Cannon 36 | . . 36 Launcher 8 | . . 8 Special 1 | . 1 . Kinetic 189 | . 170 19 Thermal 24 | . 1 23 Explosive 8 | . . 8 Electromagnetic . | . . . Robot Hit Streak 16 | . 9 16 Robot Miss Streak 4 | . 4 3 Penetration Max . | . . . Secondary Targets 1 | . 1 . Max Gunslinging Chain 1 | . 1 . Shots Hit Robots 139 | . 107 32 Core Hits 64 | . 49 15 Critical Kills 1 | . 1 . Critical Parts Destroyed 2 | . 2 . Critical Strikes 4 | . 3 1 Destroy 3 | . 3 . Blast 1 | . . 1 Melee Attacks . | . . . Impact . | . . . Slashing . | . . . Piercing . | . . . Sneak Attacks . | . . . Combat Hostiles . | . . . Follow-up Attacks . | . . . Damage Inflicted 2110 | . 892 1218 Guns 923 | . 892 31 Cannons 610 | . . 610 Explosions 577 | . . 577 Melee . | . . . Ramming . | . . . Kinetic 1156 | . 892 264 Thermal 377 | . . 377 Explosive 577 | . . 577 Electromagnetic . | . . . Impact . | . . . Slashing . | . . . Piercing . | . . . Highest Corruption . | . . . Average Corruption . | . . . Corruption Purged . | . . . Corruption Blocked . | . . . Overload Shots . | . . . Overflow Damage 15 | . . 15 Projectiles 15 | . . 15 Explosions . | . . . Melee . | . . . Knockbacks 2 | . . 2 Impact . | . . . Kinetic 2 | . . 2 Secondary . | . . . Self-Inflicted Damage . | . . . Shots . | . . . Rammed . | . . . Targets Rammed . | . . . Kicked . | . . . Crushed . | . . . Highest Temperature 44 | . 44 27 Average Temperature 13 | . 13 12 Received Heat Transfer 399 | . 288 111 Siege Activations . | . . . Martial Activations . | . . . Shielding Activations . | . . . Robots Disrupted . | . . . Combat Hostiles . | . . . Robots Corrupted . | . . . Combat Hostiles . | . . . Parts Fried . | . . . Impact Corruptions . | . . . Robots Melted . | . . . Combat Hostiles . | . . . Parts Melted 3 | . . 3 Heat Transferred 469 | . . 469 Parts Sabotaged . | . . . Parts Stolen . | . . . Parts Stripped . | . . . Power Chain Reactions . | . . . Alert | -11 -10 -10 ------- Run | Yrd Mat Sub Maximum Alert Level . | . . . Low Security (%) 100 | 100 100 . Level 1 . | . . . Level 2 . | . . . Level 3 . | . . . Level 4 . | . . . Level 5 . | . . . High Security . | . . . Max Security . | . . . Peak Influence 110 | . 110 . Initial . | . . . Average 27 | . 28 . Influence Increases 500 | . 410 90 Destroy 0b10 Robot/C 320 | . 260 60 Destroy 0b10 Robot/NC 30 | . 30 . Destroy Leader 54 | . 54 . Successful Hack 51 | . 51 . Disable Machine 15 | . 15 . Lose Combat Pursuer 30 | . . 30 Influence Decreases 500 | . 410 90 Time Decay 480 | . 400 80 Lost Part 20 | . 10 10 Squads Dispatched 3 | . 3 . Investigation 2 | . 2 . Extermination . | . . . Reinforcement 1 | . 1 . Assault . | . . . Garrison . | . . . Intercept . | . . . Searches Triggered . | . . . Construction Impeded . | . . . Haulers Reinforced . | . . . Active Scanning Responses . | . . . Cargo Convoy Interrupts . | . . . Stealth | -11 -10 -10 --------- Run | Yrd Mat Sub Distress Signals 2 | . 2 . Communications Jammed . | . . . Distress Signals . | . . . Times Spotted 38 | . 26 12 Peak Tracking Total 3 | . 3 2 Tactical Retreats 1 | . . 1 Traps | -11 -10 -10 ------- Run | Yrd Mat Sub Traps Triggered 1 | . . 1 Indirectly . | . . . Trap Hack Attempts . | . . . Triggered . | . . . Disarmed . | . . . Reprogrammed . | . . . Reused . | . . . Traps Extracted . | . . . Installed 1 | . . 1 Triggered . | . . . Machines | -11 -10 -10 ---------- Run | Yrd Mat Sub Machines Disabled 2 | . 1 1 Max in Single Turn 1 | . 1 1 Machines Repaired . | . . . Machines Dismantled . | . . . Machines Sabotaged . | . . . Overloaded Fab Kills . | . . . Hacking | -11 -10 -10 --------- Run | Yrd Mat Sub Machines Accessed 8 | . 8 . Terminals 7 | . 7 . Fabricators . | . . . Repair Stations 1 | . 1 . Recycling Units . | . . . Scanalyzers . | . . . Garrison Access . | . . . Total Hacks 29 | . 29 . Successful 14 | . 14 . Failed 15 | . 15 . Catastrophic 2 | . 2 . Database Lockouts . | . . . Manual 18 | . 18 . Terminals 24 | . 24 . Fabricators . | . . . Repair Stations 5 | . 5 . Recycling Units . | . . . Scanalyzers . | . . . Garrison Access . | . . . Terminal Hacks 7 | . 7 . Robot Analysis 3 | . 3 . Terminal Index 2 | . 2 . Locate Traps 2 | . 2 . Fabricator Hacks . | . . . Repair Station Hacks 3 | . 3 . Scan Component 1 | . 1 . Repair 1 | . 1 . Refit 1 | . 1 . Recycling Unit Hacks . | . . . Scanalyzer . | . . . Garrison Access Hacks . | . . . Unauthorized Hacks 4 | . 4 . Terminals 4 | . 4 . Botnet 3 | . 3 . Operators 1 | . 1 . Fabricators . | . . . Repair Stations . | . . . Recycling Units . | . . . Scanalyzers . | . . . Garrison Access . | . . . Data Cores Recovered . | . . . Used . | . . . Hacking Detections 8 | . 8 . Full Trace Events 3 | . 3 . Feedback Events . | . . . Feedback Blocked . | . . . Robot Schematics Acquired . | . . . Robots Built . | . . . Authchips . | . . . Time . | . . . Total Robot Build Rating . | . . . Part Schematics Acquired . | . . . Parts Built . | . . . Authchips . | . . . Time . | . . . Total Part Build Rating . | . . . Part Studies Acquired . | . . . Parts Repaired 1 | . 1 . Time 26 | . 26 . Parts Recycled . | . . . Recycled Matter . | . . . Retrieved Matter . | . . . Retrieved Components . | . . . Parts Scanalyzed . | . . . Part Schematics Acquired . | . . . Parts Damaged . | . . . Bothacking | -11 -10 -10 ------------ Run | Yrd Mat Sub Used RIF Installer . | . . . Robots Hacked . | . . . Non-combat . | . . . Combat . | . . . Robot Hacks Applied . | . . . Relay Couplers Released . | . . . Fabnet Peak Effective % . | . . . Robots Rewired . | . . . Allies Hacked . | . . . Hacks Repelled . | . . . Allies | -11 -10 -10 -------- Run | Yrd Mat Sub Total Allies . | . . . Largest Group . | . . . Highest-Rated Group . | . . . Highest-Rated Ally . | . . . Total Orders . | . . . Ally Attacks . | . . . Total Damage . | . . . Kills . | . . . Allies Corrupted . | . . . Allies Melted . | . . . Intel | -11 -10 -10 ------- Run | Yrd Mat Sub Active Infowar (turns) 760 | . . 760 Sensors 760 | . . 760 Robot Analysis Total 3 | . 3 . Derelict Logs Recovered 2 | . . 2 Drone Launches . | . . . Drone Recoveries . | . . . Exploration | -11 -10 -10 ------------- Run | Yrd Mat Sub Turns Passed 2603 | 79 1432 1092 Spaces Moved 1487 | 64 745 678 Core 3 | 3 . . Treads 713 | 14 699 . Legs . | . . . Wheels 771 | 47 46 678 Hover . | . . . Flight . | . . . Fastest Speed 50 | 50 105 105 Average Speed 131 | 105 156 106 Slowest Speed 160 | 160 160 112 Overloaded Moves . | . . . Propulsion Burnouts . | . . . Robots Hopped . | . . . Potential Cave-ins . | . . . Cave-ins Triggered . | . . . Exploration Rate (%) 45 | 4 95 38 Regions Visited 2 Branch Regions 1 Pre-discovered Areas . | . . . Known Exits Taken . | . . . Unknown Exits Taken 2 | 1 1 . Scrap Searched 6 | . . 6 Spaces Dug . | . . . Terrain Destroyed 31 | . . 31 Melee . | . . . Projectile 1 | . . 1 AOE 30 | . . 30 Terrain Rammed . | . . . Walls Destroyed . | . . . Machines Disabled . | . . . Actions | -11 -10 -10 --------- Run | Yrd Mat Sub Total 1936 | 73 870 993 Wait 253 | . 6 247 Move 1485 | 63 744 678 Hop . | . . . Pick Up 23 | . 16 7 Fast Attach 13 | 8 4 1 Attach 2 | . . 2 Detach . | . . . Swap 27 | . 6 21 Drop 19 | 2 8 9 Fire 113 | . 86 27 Melee . | . . . Ram . | . . . Kick . | . . . Crush . | . . . Escape Stasis . | . . . Rewire . | . . . Trap 1 | . . 1 Miscellaneous . | . . . Route ------- -11/Scrapyard -10/Materials (discovered 5 exits: [*Mat x3] / [*Min] / [*Sub]) -10/Subcaves (discovered 1 exit: [*Rec]) History --------- Turn | Location | Event 27 | -11/Scrapyard | Discovered new exit (range 12) 80 | -11/Scrapyard | Entered Materials 253 | -10/Materials | Discovered new exit (range 8) 317 | -10/Materials | Build established: Mutant 715 | -10/Materials | Discovered new exit (range 6) 955 | -10/Materials | Discovered new exit (range 13) 1164 | -10/Materials | Repaired Lgt. Armor Plating 1446 | -10/Materials | Discovered new exit (range 12) 1506 | -10/Materials | Discovered new exit (range 7) 1512 | -10/Materials | Entered Subcaves 1536 | -10/Subcaves | A swath of the cavern ceiling suddenly collapsed 1573 | -10/Subcaves | Learned Materials interactive machine intel 1577 | -10/Subcaves | Learned Materials terminal intel 2007 | -10/Subcaves | Disturbed a concealed Subdweller 2010 | -10/Subcaves | Core integrity fell below 50% 2163 | -10/Subcaves | Ambushed by Subdwellers from Twisted Machinery 2210 | -10/Subcaves | Ambushed by Subdwellers from Twisted Machinery 2245 | -10/Subcaves | Discovered new exit (range 14) 2309 | -10/Subcaves | Core integrity fell below 20% 2604 | -10/Subcaves | Destroyed by JT-ZX5(R) with Subdweller Laser Last Messages --------------- 02253_ Destroyed Autobeam. 02258_ Autobeam fries itself beyond repair. 02259_ Autobeam Turret destroyed. 02265_ Acquired 31 matter. 02266_ Acquired 9 matter. 02268_ Subatomizers dissect the Sub. Power Source. 02268_ Acquired 17 matter. 02271_ Acquired 38 matter. 02273_ Acquired 4 matter. 02296_ Acquired 6 matter. 02308_ Triggered Piercing Trap. 02308_ Spikes shoot up from the floor. 02308_ Critical hit (Impale). 02365_ Lgt. Nuclear Core destroyed. 02369_ Disposable Heat Sink melted. 02369_ UZ-WZH(R) destroyed. 02474_ 04-9KJ(O) collects matter. 02575_ Subatomizers dissect the Sub. Optics. 02603_ JT-ZX5(R) knocked back. Map ----- +----------------------------------------------------+ | ??????????????????????????????????????????????? | | ??????????????????????????????????????????????? | | ??????????????????????????????????????????????? | | ??????????????????????????????????????????????? | | ??????????????????????????????????????????????? | | ??????????????????????????????????????????????? | | ??????????????????????????????????????????????? | | ??????????????????????????????????????????????? | | ??????????????????????????????????????????????? | | ??????????????????????????????????????????????? | | ??????????????????????????????????????????????? | | ????????????????????? ???????????????????????? | | ????????????????????? #??????????????????????? | | ????????????????????? ##????????????????????? | | ????????????????????? #????????????????????? | | ?????????????????????# ##???????????????????? | | ?????????????????????# ##??????????????????? | | ????????????????????## #??????????????????? | | ???????????????????## # ??????????????????? | | ???????????????????# ???????????????????? | | ???????????????##### ??????????###???????? | | ??????????????## ?????????? #???????? | | ??????????????# "" ##?#####??? #???????? | | ?????????????????? "R"%#?# #### #???????? | | ????????????????????## #??# #???????? | | ????????????????????# @ ##?# ## # #???????? | | ????????????????#???## #?# ##! =# ##??????? | | ???????????????##"""## ### ## | ? #??????? | | ???????????????# " # # ### # #?????? | | ???????????????#" " ## ##? #???? | | ???????????????#""#" # ## ##### #??? ?? | | ???????????????#??## # ####?## ##???? ? #? | | ???????????????????# ???##^ ^ ##???? ?? #? | | ???????????????????# ??## ^##???? ??? | | ???????????????????""* #?## #????? ?? | | ??????????????????? "" #?# ^ ##?????????? | | ?????????????????? " #?#^^^## ##??????????? | | ????????????????? "" ?## ## #??????????? | | ????????????????? " #??#### ##??????????? | | ?????????????????? ?# ?????## #???????????? | | ??????????????????????? ????## #???????????? | | ?????????????????#????? ???## #???????????? | | ???????????????### ???? ???# ##???????????? | | ???????????????# ???????## #????????????? | | ???????????????? ??????## ##????????????? | | ?????????????????? ?????#"" ##?????????????? | | ??????????????????? ???##"=##??????????????? | | ????????????????# ? ??#"" #???????????????? | | ???????????????## ?# ?## ####????????????? | | ???????????????# ## ## " ####?????????? | +----------------------------------------------------+ Best States ------------- Heat Dissipation 25 Energy Generation 14 Energy Capacity 250 Matter Stores 300 Matter Capacity 300 Sight Range 16 Robot Scan Range 14 Terrain Scan Density 10 Armor Coverage 150 Evasion (%) 42 Recoil Reduction 2 Item Schematics ----------------- None Robot Schematics ------------------ None Fabricated ------------ Nothing Repaired ---------- Lgt. Armor Plating | 38% | -10/Materials Studied --------- None Alien Tech Used ----------------- None Achievements -------------- None Challenges ------------ None Game ------ Seed NullDeflectorHarness Manual? 0 Play Time 00:18:55 Cumulative 313.4 hours Start 2025.12.19 @ 02:14:51 End 2025.12.19 @ 02:30:09 Sessions 1 Manual Loads 0 Difficulty Rogue Special Mode None Game No. 114 Rogue 114 Adventurer 0 Explorer 0 Win Type - Total 3 Types 2/0/0/0/0/0/0/0/0/1 Lore% 75 Gallery% 70 Achievement% 59 Wizard Run 0 Options --------- Layout 1 ASCII 0 Keyboard 0 Movement Mouse Keybinds 0 Fullscreen 2 Font 32/SmallcapsGlow Map View 50x35 Zoom Use 0% Tactical HUD 1 Map Filters NONE Filters NONE Steam 1 RUN: 2f9b5e7f-e0ae-49fb-8e13-ce9fcdcec206